 Dungeon Crawl Stone Soup version 0.31-a0-37-g98a128e1d9 (webtiles) character file.

Game seed: 16556913366595412662

262 pokeman the Magician (level 5, 0/29 HPs)
             Began as a Deep Elf Hedge Wizard on May 14, 2023.
             Was an Initiate of Vehumet.
             Slain by a gnoll
             ... wielding a +2 spear of chaos
              (5 damage)
             ... on level 4 of the Dungeon.
             The game lasted 00:07:35 (4948 turns).

pokeman the Magician (Deep Elf Hedge Wizard)        Turns: 4948, Time: 00:07:36

Health: 0/29       AC:  3    Str:  7    XL:     5   Next: 97%
Magic:  5/16       EV: 13    Int: 21    God:    Vehumet [......]
Gold:   225        SH:  0    Dex: 14    Spells: 4/17 levels left

rFire   + . .        v - +2 dagger (elec)
rCold   . . .        (no shield)
rNeg    . . .        r - +1 robe "Roirghil" {rPois rF+ Archmagi}
rPois   +            c - +0 hat
rElec   .            o - scarf {+Inv}
rCorr   .            (no gloves)
SInv    .            (no boots)
Will    .....        (no amulet)
Stlth   ++           (no ring)
HPRegen 0.24/turn    (no ring)
MPRegen 0.15/turn

%: archmagi
@: lethally poisoned (0 -> -5), very slightly contaminated
A: no striking features
a: Renounce Religion, Evoke Invisibility


You were on level 4 of the Dungeon.
You worshipped Vehumet.
Vehumet was noncommittal.
You visited 2 branches of the dungeon, and saw 5 of its levels.

You collected 225 gold pieces.

Inventory:

Hand Weapons
 v - a +2 dagger of electrocution (weapon)
Armour
 c - a +0 hat (worn)
 o - a scarf of invisibility (worn)
 r - the +1 robe "Roirghil" (worn) {rPois rF+ Archmagi}
   (You found it on level 3 of the Dungeon)

   rF:        It protects you from fire.
   rPois:     It protects you from poison.
   Archmagi:  It increases the power of your magical spells.
Magical Staves
 l - a staff of air
 n - a staff of conjuration
Wands
 m - a wand of flame (25)
 t - a wand of roots (6)
Scrolls
 e - 2 scrolls of poison {unknown}
 i - a scroll of blinking {unknown}
 k - a scroll of identify {unknown}
 p - 2 scrolls of silence {unknown}
 q - 2 scrolls of teleportation {unknown}
 s - a scroll of vulnerability {unknown}
 u - 3 scrolls of noise {unknown}
Potions
 b - a potion of lignification {unknown}
 d - a potion of magic
 f - 6 potions of curing
 g - 2 potions of brilliance {unknown}
 h - a potion of mutation {unknown}
 j - a potion of might


   Skills:
 - Level 1.0 Fighting
 - Level 1.0 Armour
 - Level 3.0 Dodging
 - Level 3.1 Stealth
 * Level 6.6 Spellcasting
 + Level 3.0 Conjurations
 - Level 1.1 Summonings
 - Level 1.1 Translocations
 + Level 0.7 Air Magic
 + Level 0.9 Poison Magic
 - Level 1.0 Evocations


You had 4 spell levels left.
You knew the following spells:

 Your Spells              Type           Power      Damage    Failure   Level
a - Magic Dart            Conj           100%       1d8       2%          1
b - Mephitic Cloud        Conj/Pois/Air  20%        N/A       14%         3
c - Call Imp              Summ           34%        N/A       9%          2
d - Blink                 Tloc           34%        N/A       9%          2
e - Freezing Cloud        Conj/Ice/Air   9%         6-21      83%         5

Your spell library contained the following spells:

 Spells                   Type           Power      Damage    Failure   Level
 Slow                     Hex            40%        N/A       10%         1
 Poisonous Vapours        Pois/Air       30%        N/A       10%         2
 Cigotuvi's Dreadful Rot  Necr/Pois/Air  26%        N/A       11%         2
 Ensorcelled Hibernation  Hex/Ice        20%        N/A       14%         2
 Spider Form              Tmut/Pois      13%        N/A       22%         3
 Anguish                  Hex/Necr       5%         N/A       67%         4


Dungeon Overview and Level Annotations

Branches:
Dungeon (4/15)             Temple (1/1) D:4

Altars:
Ashenzari
Cheibriados
Elyvilon
Fedhas
Gozag
Nemelex Xobeh
Trog
Uskayaw
Vehumet
Wu Jian
Yredelemnul

Annotations:
D:4 1 transporter, BlueFish's ghost, weakling DrDe


Message History

The gnoll appears confused.
The gnoll closely misses you.
Unknown command.
The gnoll misses you.
The gnoll hits itself with a +0 spear!
The gnoll is killed!
Vehumet accepts your kill.
The gnoll is engulfed in noxious fumes.
The gnoll appears confused.
There is an open translucent door here.
Casting: Mephitic Cloud (quite dangerous; 14% risk of failure)
Confirm with . or Enter, or press ? or * to list all spells.
The spell is quite dangerous to miscast (14% risk of failure)!
Continue anyway?
Aiming: Mephitic Cloud (quite dangerous; 14% risk of failure)
Press: ? - help, Shift-Dir - straight line, f/p - gnoll
Aim: a gnoll, wielding a +2 spear of chaos (confused, chance to affect: 91%)
You feel a surge of power!
The ball explodes into a vile cloud!
The stinking cloud engulfs the gnoll but does no damage.
You hear a shout!
The gnoll barely misses you.
The gnoll is engulfed in noxious fumes.
The gnoll appears confused.
The gnoll barely misses something.
The gnoll completely misses itself.
Unknown command.
Casting: Mephitic Cloud (quite dangerous; 14% risk of failure)
Confirm with . or Enter, or press ? or * to list all spells.
The spell is quite dangerous to miscast (14% risk of failure)!
Continue anyway?
Aiming: Mephitic Cloud (quite dangerous; 14% risk of failure)
Press: ? - help, Shift-Dir - straight line, f - gnoll, p - gnoll
Aim: a gnoll, wielding the +9 spear of Upheaval {venom, Int+5} (chance to affect: 91%)
You feel a surge of power!
You miscast Mephitic Cloud.
You are very lightly contaminated with residual magic.
Nothing appears to happen.
The gnoll hits you from afar with the +9 spear of Upheaval {venom, Int+5}!
You are lethally poisoned!
Unknown command.
You feel very sick.
You feel sick.
* * * LOW HITPOINT WARNING * * *
You feel sick. The gnoll closely misses you.
* * * LOW HITPOINT WARNING * * *
You feel sick.
The gnoll hits you with a +2 spear of chaos.
You die...

#..≈≈≈≈≈≈≈≈~≈≈≈≈≈≈≈≈..####.####
#..≈≈≈≈≈≈≈≈~≈≈≈≈≈≈≈≈..(....#
#..≈≈####.....####≈≈.+###### #
#..≈≈#..#8###8#..#≈≈...## #
#..≈≈##g###.###.##≈≈....## #
#..≈≈#...........#≈≈.....## ##
#..≈≈###.##'##.###≈≈......####.
#..≈≈..#.#...#.#..≈≈......'....
##.≈≈.##.'...g@##.≈≈......####.
#.≈≈.#©.#...#.[#.≈≈.....## ##
#.≈≈.##.##.##g##.≈≈....## #
#.....#.#.).#.#..≈≈...##
#....©#.'.©.g?#©.~~.+##
#.....#.#8⌠8#W#..≈≈..#
##.≈≈.##.#####g##.≈≈..########
#..≈≈.#g.# #..#.≈≈..##.....#
#..≈≈.##.# #.##.≈≈...#.###.#


You could see BlueFish's ghost and 4 gnolls.

Vanquished Creatures
  A hound (D:4)
  Jessica (D:2)
  Natasha (thrice) (D:3)
  An orc wizard (D:3)
  A gnoll (D:4)
  2 adders
  A worm (D:4)
  A dart slug (D:1)
  3 orcs
  3 ball pythons
  A bat (D:2)
  7 endoplasms
  3 giant cockroaches
  6 goblins
  6 hobgoblins
  6 jackals
  2 quokkas
  7 kobolds
  4 rats
59 creatures vanquished.

Vanquished Creatures (collateral kills)
  A worm (D:2)
  4 orcs (D:3)
5 creatures vanquished.

Grand Total: 64 creatures vanquished

Notes
Turn   | Place    | Note
-------+----------+-------------------------------------------
     0 | D:1      | pokeman the Deep Elf Hedge Wizard began the quest for the
                  | Orb.
     0 | D:1      | Reached XP level 1. HP: 10/10 MP: 7/7
   273 | D:1      | Reached XP level 2. HP: 2/16 MP: 2/9
   844 | D:1      | Reached skill level 5 in Spellcasting
  1203 | D:2      | Noticed Jessica
  1214 | D:2      | Reached XP level 3. HP: 18/20 MP: 2/11
  1291 | D:1      | Learned a level 3 spell: Mephitic Cloud
  1294 | D:1      | Learned a level 2 spell: Call Imp
  1297 | D:1      | Learned a level 2 spell: Blink
  1307 | D:2      | Killed Jessica
  1308 | D:2      | Reached skill level 1 in Fighting
  1308 | D:2      | Reached skill level 1 in Armour
  1686 | D:2      | Reached XP level 4. HP: 25/25 MP: 10/13
  2248 | D:3      | Identified the +1 robe "Roirghil" {rPois rF+ Archmagi}
  3056 | D:3      | Found a snail-covered altar of Cheibriados.
  3057 | D:3      | Noticed Natasha
  3104 | D:3      | Killed Natasha
  3105 | D:3      | Reached skill level 6 in Spellcasting
  3105 | D:3      | Reached XP level 5. HP: 11/29 MP: 2/15
  3227 | D:3      | Noticed Natasha
  3230 | D:3      | Killed Natasha
  3717 | D:3      | Noticed Natasha
  3725 | D:3      | Killed Natasha
  3795 | D:4      | Found a staircase to the Ecumenical Temple.
  3804 | Temple   | Entered the Ecumenical Temple
  3810 | Temple   | Became a worshipper of Vehumet
  4002 | D:4      | Identified the +9 spear of Upheaval {venom, Int+5}
  4047 | D:4      | Found an opulent altar of Gozag.
  4096 | D:4      | Noticed BlueFish's ghost (weakling DrDe)
  4126 | D:4      | Found a transporter.
  4132 | D:4      | Found a transporter.
  4210 | D:4      | Learned a level 5 spell: Freezing Cloud
  4628 | D:4      | Reached skill level 1 in Evocations
  4948 | D:4      | Slain by a gnoll

Illustrated notes

Levels and vault maps discovered:
D:1:      dpeg_arrival_more_subterranean_lakeside_camping, layout_basic
D:2:      layout_basic, kennysheep_generic_room_8, uniq_jessica
D:3:      layout_loops_ring, lemuel_round_altar, serial_bayou_ford_a,
          minmay_unequal, uniq_natasha
D:4:      layout_loops_corners, mainiacjoe_overflow_boulevard,
          minmay_temple_entry_waves, gammafunk_ghost_gnarly_gnolls,
          minivault_25, uniq_crazy_yiuf_cottage
Temple:   nicolae_temple_cloud_nine

Skill      XL: |  1  2  3  4  5 |
---------------+----------------+-----
Spellcasting   | 5 6 |  6.6
Fighting       | 1 |  1.0
Armour         | 1 |  1.0
Conjurations   | 2 3 |  3.0
Stealth        | 3 |  3.1
Dodging        | 3 |  3.0
Evocations     | 1 |  1.0
Summonings     | |  1.1
Translocations | |  1.1
Air Magic      | |  0.7
Poison Magic   | |  0.9

Action                     |  1- 3 |  4- 6 || total
---------------------------+-------+-------++-------
  Melee: Dagger            |    11 |    12 ||    23
   Cast: Magic Dart        |    77 |    85 ||   162
         Call Imp          |     2 |     2 ||     4
         Mephitic Cloud    |     1 |     6 ||     7
   Stab: Confused          |       |     2 ||     2
 Armour: Robe              |     4 |     1 ||     5
  Dodge: Dodged            |    17 |    12 ||    29

Table legend: (Time is in decaauts)
 A = Elapsed time spent in this place.
 B = Non-inter-level travel time spent in this place.
 C = Inter-level travel time spent in this place.
 D = Time resting spent in this place.
 E = Time spent auto-exploring this place.
 F = Levels seen in this place.
 G = Mean time per level.
                   A        B        C        D        E       F      G
               +--------+--------+--------+--------+--------+-----+--------+
         Total |   4974 |   4676 |    298 |     58 |   3859 |   5 |  994.8 |
       Dungeon |   4961 |   4668 |    293 |     58 |   3859 |   4 | 1240.2 |
        Temple |     12 |      7 |      5 |      0 |      0 |   1 |   12.0 |
               +--------+--------+--------+--------+--------+-----+--------+

Top non-repeatable levels by time:
     D:3: 1738 daAuts
     D:1: 1217 daAuts
     D:4: 1150 daAuts
     D:2: 855 daAuts
  Temple: 12 daAuts
